 Dungeon Crawl Stone Soup version 0.31-a0-1178-gc5c9b8f871 (webtiles) character file.

Game seed: 18367626146253000337

108 Fleche the Trooper (level 4, 0/49 HPs)
             Began as an Ogre Cinder Acolyte on Dec 11, 2023.
             Was a High Priest of Ignis.
             Slain by a gnoll
             ... wielding a +0 spear
              (5 damage)
             ... on level 3 of the Dungeon.
             The game lasted 00:14:18 (2377 turns).

Fleche the Trooper (Ogre Cinder Acolyte)            Turns: 2377, Time: 00:14:18

Health: 0/49       AC:  3    Str: 18    XL:     4   Next: 87%
Magic:  3/5        EV:  7    Int: 21    God:    Ignis [*****.]
Gold:   152        SH:  6    Dex:  6    Spells: 3/5 levels left

rFire   . . .        a - -1 hand axe (flame)
rCold   + . .        g - +0 kite shield
rNeg    . . .        b - +0 robe
rPois   .            (helmet restricted)
rElec   .            (no cloak)
rCorr   .            (gloves unavailable)
SInv    .            (boots unavailable)
Will    .....        (no amulet)
Stlth   +            h - +6 ring of intelligence
HPRegen 0.28/turn    s - ring of ice
MPRegen 0.09/turn

%: no passive effects
@: no status effects
A: large, unfitting armour, tough skin 1
a: Renounce Religion, Fiery Armour, Foxfire Swarm, Rising Flame


You were on level 3 of the Dungeon.
You worshipped Ignis.
Ignis was extremely pleased with you.
You visited 1 branch of the dungeon, and saw 3 of its levels.

You collected 152 gold pieces.

Inventory:

Hand Weapons
 a - a -1 hand axe of flaming (weapon)
 q - a +0 morningstar
Armour
 b - a +0 robe (worn)
 g - a +0 kite shield (worn)
Jewellery
 h - a +6 ring of intelligence (left hand)
 s - a ring of ice (right hand)
Scrolls
 d - a scroll of vulnerability {unknown}
 e - a scroll of identify {unknown}
 i - a scroll of silence {unknown}
 j - a scroll of enchant weapon {unknown}
 n - a scroll of torment {unknown}
 p - a scroll of poison {unknown}
 r - a scroll of blinking {unknown}
Potions
 c - 4 potions of mutation {unknown}
 f - 2 potions of curing {unknown}
 k - a potion of might {unknown}
 l - 2 potions of ambrosia {unknown}
 m - a potion of magic {unknown}
 o - 2 potions of invisibility {unknown}


   Skills:
 + Level 4.7 Fighting
 + Level 4.4 Axes
 + Level 1.0 Dodging
 + Level 0.2 Stealth
 + Level 0.6 Shields
 + Level 1.2 Spellcasting
 + Level 2.9 Fire Magic


You had 3 spell levels left.
You knew the following spells:

 Your Spells              Type           Power      Damage    Failure   Level
a - Scorch                Fire           26%        2d6       22%         2

Your spell library contained the following spells:

 Spells                   Type           Power      Damage    Failure   Level
 Kiss of Death            Conj/Necr      4%         2d5       43%         1
 Sticky Flame             Conj/Fire      7%         2d3       95%         4
 Fire Storm               Conj/Fire      3%         8d1       100%        9


Dungeon Overview and Level Annotations

Branches:
Dungeon (3/15)

Altars:
Elyvilon


Innate Abilities, Weirdness & Mutations

You are too large for most types of armour.
You have tough skin. (AC +1)


Message History

A frilled lizard comes into view.
You see here a +0 helmet.
There is an escape hatch in the floor here.
There is an open door here.
There is an open door here.
You close the door.
The gnoll attacks as it pursues you! You block the gnoll's attack.
The gnoll attacks as it pursues you! You block the gnoll's attack.
The gnoll attacks as it pursues you!
The gnoll hits you from afar with a +0 spear!
The gnoll attacks as it pursues you!
The gnoll hits you from afar with a +0 spear!
The gnoll hits you from afar with a +0 spear.
Casting: Scorch (safe; 22% risk of failure)
Confirm with . or Enter, or press ? or * to list all spells.
Flames lash the gnoll.
The gnoll is severely wounded.
The gnoll's fire resistance burns away.
The gnoll hits you from afar with a +0 spear.
* * * LOW HITPOINT WARNING * * *
The gnoll hits you with a +0 spear.
* * * LOW HITPOINT WARNING * * *
You hit the gnoll but do no damage.
The gnoll is severely wounded.
The gnoll barely misses you. x2
You barely miss the gnoll.
The gnoll is severely wounded.
The gnoll hits you with a +0 spear!
* * * LOW HITPOINT WARNING * * *
You hit the gnoll but do no damage.
The gnoll is severely wounded.
The gnoll is no longer more vulnerable to fire.
You block the gnoll's attack.
You barely miss the gnoll.
The gnoll is severely wounded.
The gnoll hits you but does no damage.
You barely miss the gnoll.
The gnoll is severely wounded.
The gnoll hits you with a +0 spear.
You die...

.#
#g#..#....#.#
.#
#.#..#....#.#
.#
#.####.##.#.##
.#
#......##.#..#
.#
#########.##.#
^# #.##.# .#
#.##g# .#
########g##.#
.#
#...>..@.##.#
.#
#.#########.##
.# #.# #.....#
## #.# #.##.##
#g# #.##.# #.#
#.#### #.# #.#
#.# #.# #.#
#g#


You could see a gnoll.

Vanquished Creatures
  2 gnolls (D:3)
  An adder (D:2)
  A worm (D:2)
  4 dart slugs
  3 orcs (D:3)
  8 endoplasms
  5 giant cockroaches
  2 goblins
  4 hobgoblins (D:2)
  6 kobolds
  4 quokkas
  7 ball pythons
  4 bats
  5 frilled lizards
  10 rats
66 creatures vanquished.

Notes
Turn   | Place    | Note
-------+----------+-------------------------------------------
     0 | D:1      | Fleche the Ogre Cinder Acolyte began the quest for the Orb.
     0 | D:1      | Reached XP level 1. HP: 24/24 MP: 2/2
   159 | D:1      | Reached XP level 2. HP: 33/33 MP: 3/3
   463 | D:1      | Reached XP level 3. HP: 26/40 MP: 4/4
  1309 | D:2      | Reached XP level 4. HP: 49/49 MP: 5/5
  1686 | D:2      | Got the Catalogue of Attacks
  2127 | D:3      | Found a white marble altar of Elyvilon.
  2223 | D:3      | Learned a level 2 spell: Scorch
  2271 | D:3      | Reached skill level 1 in Dodging
  2377 | D:3      | Slain by a gnoll

Illustrated notes

Levels and vault maps discovered:
D:1:      scummos_arrival_simple_fountains, layout_loops_ring,
          chequers_serial_rivers_micro_e
D:2:      minmay_chambers_of_ones, layout_loops_ring
D:3:      layout_basic, nicolae_overflow_hidden_temple, uniq_ijyb

Skill      XL: |  1  2  3  4 |
---------------+-------------+-----
Axes           | 4 |  4.4
Dodging        | 1 |  1.0
Fighting       | |  4.7
Stealth        | |  0.2
Shields        | |  0.6
Spellcasting   | |  1.2
Fire Magic     | |  2.9

Action                     |  1- 3 |  4- 6 || total
---------------------------+-------+-------++-------
  Melee: Hand axe          |   123 |    70 ||   193
   Cast: Scorch            |       |     1 ||     1
 Armour: Robe              |    77 |    46 ||   123
  Dodge: Dodged            |    34 |    20 ||    54
  Block: Kite shield       |    22 |    14 ||    36

Table legend: (Time is in decaauts)
 A = Elapsed time spent in this place.
 B = Non-inter-level travel time spent in this place.
 C = Inter-level travel time spent in this place.
 D = Time resting spent in this place.
 E = Time spent auto-exploring this place.
 F = Levels seen in this place.
 G = Mean time per level.
                   A        B        C        D        E       F      G
               +--------+--------+--------+--------+--------+-----+--------+
         Total |   2422 |   2422 |      0 |    321 |   1165 |   3 |  807.3 |
       Dungeon |   2422 |   2422 |      0 |    321 |   1165 |   3 |  807.3 |
               +--------+--------+--------+--------+--------+-----+--------+

Top non-repeatable levels by time:
     D:2: 1093 daAuts
     D:1: 970 daAuts
     D:3: 359 daAuts
